 Dungeon Crawl Stone Soup version 0.28.0-53-g5a82cb258f (webtiles) character file.

Game seed: 6398396751892969367

268 jiml777 the Gusty (level 6, -8/44 HPs)
             Began as a Gnoll Air Elementalist on July 8, 2022.
             Mangled by Crazy Yiuf
             ... wielding a +2 quarterstaff of chaos
              (10 damage)
             ... on level 3 of the Dungeon.
             The game lasted 00:14:30 (3323 turns).

jiml777 the Gusty (Gnoll Air Elementalist)          Turns: 3323, Time: 00:14:30

Health: -8/44      AC:  3    Str:  7    XL:     6   Next: 21%
Magic:  14/14      EV: 14    Int: 16    God:
Gold:   77         SH:  0    Dex: 19    Spells: 5/15 levels left

rFire   + . .      SeeInvis .   t - +2 dagger (venom)
rCold   . . .      Faith    .   (no shield)
rNeg    . . .      Spirit   .   f - +0 leather armour
rPois   .          Reflect  .   (no helmet)
rElec   +          Harm     .   (no cloak)
rCorr   .          Rampage  .   (no gloves)
Will    .....                   (no boots)
Stlth   +++.......              (no amulet)
HPRegen 0.14/turn               p - ring "Acataz" {+Blink rElec rF+ Dex+6}
MPRegen 0.14/turn               (no ring)

@: lethally poisoned (-8 -> -16), hasted, very quick
A: fangs 1, strong nose, distributed training
a: Evoke Blink


You were on level 3 of the Dungeon.
You visited 1 branch of the dungeon, and saw 3 of its levels.

You collected 77 gold pieces.

Inventory:

Hand Weapons
 e - a +0 hand axe
 l - a +0 dagger of protection
 q - a +0 short sword
 r - a +0 mace of holy wrath
 t - a +2 dagger of venom (weapon)
Missiles
 b - 48 stones
 o - 24 sling bullets
Armour
 a - a +0 robe
 f - a +0 leather armour (worn)
Jewellery
 p - the ring "Acataz" (left hand) {+Blink rElec rF+ Dex+6}
   (You found it on level 2 of the Dungeon)

   [ring of dexterity]

   Dex:       It affects your dexterity (+6).
   rF:        It protects you from fire.
   rElec:     It insulates you from electricity.
   +Blink:    It lets you blink.
Wands
 s - a wand of mindburst (17)
Scrolls
 c - a scroll of torment {unknown}
 d - a scroll of teleportation {unknown}
 k - 3 scrolls of brand weapon
 n - a scroll of identify {unknown}
Potions
 g - a potion of flight {unknown}
 i - a potion of degeneration {unknown}
 j - a potion of curing {unknown}
 m - a potion of cancellation {unknown}


   Skills:
 + Level 1.8 Fighting
 + Level 1.8 Short Blades
 + Level 1.8 Long Blades
 + Level 1.8 Axes
 + Level 1.8 Maces & Flails
 + Level 1.8 Polearms
 + Level 1.8 Staves
 + Level 1.8 Slings
 + Level 1.8 Bows
 + Level 1.8 Crossbows
 + Level 1.8 Throwing
 + Level 1.8 Armour
 + Level 4.9 Dodging
 + Level 4.5 Stealth
 + Level 1.8 Shields
 + Level 1.8 Unarmed Combat
 + Level 5.3 Spellcasting
 + Level 2.6 Conjurations
 + Level 1.4 Hexes
 + Level 1.4 Summonings
 + Level 1.4 Necromancy
 + Level 1.4 Translocations
 + Level 1.4 Transmutations
 + Level 1.4 Fire Magic
 + Level 1.4 Ice Magic
 + Level 5.6 Air Magic
 + Level 1.4 Earth Magic
 + Level 1.4 Poison Magic
 + Level 2.0 Invocations
 + Level 1.8 Evocations


You had 5 spell levels left.
You knew the following spells:

 Your Spells              Type           Power      Damage    Failure   Level
a - Shock                 Conj/Air       68%        1d7       4%          1
b - Static Discharge      Conj/Air       17%        N/A       6%          2
c - Swiftness             Air            22%        N/A       6%          3
d - Airstrike             Air            11%        N/A       22%         4

Your spell library contained the following spells:

 Spells                   Type           Power      Damage    Failure   Level


Dungeon Overview and Level Annotations

Branches:
Dungeon (3/15)

Altars:

Annotations:
D:3 Crazy Yiuf


Innate Abilities, Weirdness & Mutations

You have very sharp teeth.
Your uncanny sense of smell can sniff out nearby items.
Your experience applies equally to all skills.


Message History

The helpless hobgoblin fails to defend itself.
You impale the hobgoblin!!
You kill the hobgoblin!
Found a mace.
Found a runed translucent door.
Crazy Yiuf shouts!
You open the door.
Crazy Yiuf flaps his cloak.
Casting: Shock (safe; 4% risk of failure)
Confirm with . or Enter, or press ? or * to list all spells.
Aiming: Shock (safe; 4% risk of failure)
Press: ? - help, Shift-Dir - straight line, f - Crazy Yiuf
Aim: Crazy Yiuf, wielding a +2 quarterstaff of chaos and wearing a +0 cloak (75% to hit)
The zap hits Crazy Yiuf.
Crazy Yiuf is lightly wounded.
You hit Crazy Yiuf.
Crazy Yiuf is poisoned.
Crazy Yiuf is moderately wounded.
Crazy Yiuf hits you with a +2 quarterstaff of chaos!
Crazy Yiuf freezes you.
You closely miss Crazy Yiuf. You bite Crazy Yiuf.
Crazy Yiuf is moderately wounded.
Crazy Yiuf closely misses you.
You barely miss Crazy Yiuf.
Crazy Yiuf is moderately wounded.
You hit Crazy Yiuf but do no damage.
Crazy Yiuf looks as sick as possible!
Crazy Yiuf is moderately wounded.
Crazy Yiuf completely misses you.
You barely miss Crazy Yiuf.
Crazy Yiuf is heavily wounded.
Crazy Yiuf hits you with a +2 quarterstaff of chaos!
* * * LOW HITPOINT WARNING * * *
You are lethally poisoned!
* * * LOW HITPOINT WARNING * * *
You feel very sick.
* * * LOW HITPOINT WARNING * * *
You feel very sick.
It was a potion of haste.
You feel yourself speed up.
* * * LOW HITPOINT WARNING * * *
You feel very sick.
Crazy Yiuf hits you with a +2 quarterstaff of chaos!
You die...

##### #)..# #...# ...
#'# #### ♣.♣♣ #..#
♣♣g♣ #..# ♣@♣♣ #..#
♣♣.♣ #..# ♣♣.♣♣ #..#
♣♣...♣ #..## ♣....♣
#...## #....#
#†.>.########
##....####.#.##.....#
#........#.#..<.....#
#........#.###......#


You could see Crazy Yiuf (very poisoned).

Vanquished Creatures
  An ogre (D:2)
  Natasha (twice) (D:3)
  An orc wizard (D:3)
  3 adders (D:2)
  4 gnolls (D:2)
  A dart slug (D:2)
  2 orcs (D:3)
  2 bats (D:1)
  3 endoplasms
  A goblin (D:1)
  4 hobgoblins
  4 jackals
  5 kobolds
  A quokka (D:2)
  3 ball pythons
  5 frilled lizards
  4 rats
46 creatures vanquished.

Notes
Turn   | Place    | Note
-------+----------+-------------------------------------------
     0 | D:1      | jiml777 the Gnoll Air Elementalist began the quest for the
                  | Orb.
     0 | D:1      | Reached XP level 1. HP: 13/13 MP: 6/6
   400 | D:1      | Reached XP level 2. HP: 19/19 MP: 7/7
  1415 | D:2      | Reached XP level 3. HP: 25/25 MP: 7/9
  1441 | D:2      | Reached skill level 5 in Spellcasting
  1640 | D:2      | Reached skill level 1 in Invocations
  1643 | D:2      | Reached skill level 1 in Fighting
  1643 | D:2      | Reached skill level 1 in Short Blades
  1643 | D:2      | Reached skill level 1 in Long Blades
  1643 | D:2      | Reached skill level 1 in Axes
  1643 | D:2      | Reached skill level 1 in Maces & Flails
  1643 | D:2      | Reached skill level 1 in Polearms
  1643 | D:2      | Reached skill level 1 in Staves
  1643 | D:2      | Reached skill level 1 in Slings
  1643 | D:2      | Reached skill level 1 in Bows
  1643 | D:2      | Reached skill level 1 in Crossbows
  1643 | D:2      | Reached skill level 1 in Throwing
  1643 | D:2      | Reached skill level 1 in Armour
  1643 | D:2      | Reached skill level 1 in Shields
  1643 | D:2      | Reached skill level 1 in Unarmed Combat
  1643 | D:2      | Reached skill level 1 in Evocations
  1645 | D:2      | Reached XP level 4. HP: 19/32 MP: 1/11
  1957 | D:2      | Noticed an ogre
  2113 | D:2      | Reached skill level 1 in Hexes
  2113 | D:2      | Reached skill level 1 in Summonings
  2113 | D:2      | Reached skill level 1 in Necromancy
  2113 | D:2      | Reached skill level 1 in Translocations
  2113 | D:2      | Reached skill level 1 in Transmutations
  2113 | D:2      | Reached skill level 1 in Fire Magic
  2113 | D:2      | Reached skill level 1 in Ice Magic
  2113 | D:2      | Reached skill level 1 in Earth Magic
  2113 | D:2      | Reached skill level 1 in Poison Magic
  2326 | D:2      | Identified the ring "Acataz" {+Blink rElec rF+ Dex+6}
  2362 | D:2      | Killed an ogre
  2363 | D:2      | Reached XP level 5. HP: 2/37 MP: 6/12
  2651 | D:2      | Learned a level 2 spell: Static Discharge
  2655 | D:2      | Learned a level 3 spell: Swiftness
  2660 | D:2      | Learned a level 4 spell: Airstrike
  3017 | D:3      | Noticed Natasha
  3045 | D:3      | Killed Natasha
  3117 | D:3      | Noticed Natasha
  3129 | D:3      | Reached XP level 6. HP: 39/44 MP: 11/13
  3130 | D:3      | Killed Natasha
  3310 | D:3      | Found a runed translucent door.
  3311 | D:3      | Noticed Crazy Yiuf
  3323 | D:3      | HP: 2/44 [poisoned by Crazy Yiuf]
  3323 | D:3      | Mangled by Crazy Yiuf

Illustrated notes

Levels and vault maps discovered:
D:1:      dpeg_arrival_windows_large_door, layout_loops_ring
D:2:      layout_basic, serial_rivers, chequers_serial_rivers_small_3,
          chequers_serial_rivers_micro_b, chequers_serial_rivers_micro_b,
          chequers_serial_rivers_micro_e, chequers_serial_rivers_small_a,
          chequers_serial_rivers_micro_e
D:3:      wad_river_or_something, layout_rooms, nicolae_uskayaw_en_pointe,
          mainiacjoe_overflow_six_doors_small,
          hellmonk_ecumenical_altar_prayer_group, minmay_pentangle,
          uniq_natasha, uniq_ijyb, uniq_crazy_yiuf_cottage

Skill      XL: |  1  2  3  4  5 |
---------------+----------------+-----
Conjurations   | 2 |  2.6
Spellcasting   | 5 |  5.3
Invocations    | 1 2 |  2.0
Fighting       | 1 |  1.8
Short Blades   | 1 |  1.8
Long Blades    | 1 |  1.8
Axes           | 1 |  1.8
Maces & Flails | 1 |  1.8
Polearms       | 1 |  1.8
Staves         | 1 |  1.8
Slings         | 1 |  1.8
Bows           | 1 |  1.8
Crossbows      | 1 |  1.8
Throwing       | 1 |  1.8
Armour         | 1 |  1.8
Shields        | 1 |  1.8
Unarmed Combat | 1 |  1.8
Evocations     | 1 |  1.8
Hexes          | 1 |  1.4
Summonings     | 1 |  1.4
Necromancy     | 1 |  1.4
Translocations | 1 |  1.4
Transmutations | 1 |  1.4
Fire Magic     | 1 |  1.4
Ice Magic      | 1 |  1.4
Earth Magic    | 1 |  1.4
Poison Magic   | 1 |  1.4
Dodging        | |  4.9
Stealth        | |  4.5
Air Magic      | |  5.6

Action                   |  1- 3 |  4- 6 || total
-------------------------+-------+-------++-------
Melee: Hand axe          |    47 |       ||    47
       Dagger            |     4 |    84 ||    88
       Bite              |     2 |    12 ||    14
       Punch             |     1 |     1 ||     2
 Cast: Shock             |    17 |    22 ||    39
  Use: Scroll            |       |     1 ||     1
       Potion            |       |     1 ||     1
 Stab: Sleeping          |     8 |     6 ||    14
       Distracted        |       |     1 ||     1
Armor: Leather armour    |    21 |    26 ||    47
Dodge: Dodged            |    41 |    66 ||   107
